 Dungeon Crawl Stone Soup version 0.24.0-123-gd5b16e6ec5 (webtiles) character file.

Game seed: 14410152219851330348, levelgen mode: deterministic

260 Mesmaeker13 the Gusty (level 6, -4/48 HPs)
             Began as a Tengu Air Elementalist on Feb 11, 2020.
             Was a Follower of Sif Muna.
             Slain by a hornet (10 damage)
             ... on level 3 of the Dungeon.
             The game lasted 00:06:22 (3011 turns).

Mesmaeker13 the Gusty (Tengu Air Elementalist)      Turns: 3011, Time: 00:06:23

Health: -4/48      AC: 23    Str:  9    XL:     6   Next: 17%
Magic:  2/11       EV:  2    Int: 17    God:    Sif Muna [*.....]
Gold:   116        SH:  0    Dex: 14    Spells: 8/11 levels left

rFire    . . .     SeeInvis .   n - +0 spear
rCold    . . .     Gourm    .   (no shield)
rNeg     + + +     Faith    .   (armour currently unavailable)
rPois    +         Spirit   .   (helmet currently unavailable)
rElec    .         Reflect  .   (cloak currently unavailable)
rCorr    .         Harm     .   (gloves currently unavailable)
MR       .....     NoTele   +   (boots unavailable)
Stlth    ++........             h - amulet of regeneration
HPRegen  0.56/turn              (no ring)
MPRegen  0.12/turn              (no ring)

@: lethally poisoned (-4 -> -6), tree-form
A: able to fly
a: Fly, Channel Magic, Renounce Religion


You were on level 3 of the Dungeon.
You worshipped Sif Muna.
Sif Muna was aware of your devotion.
You were not hungry.
You were a tree.
You visited 1 branch of the dungeon, and saw 3 of its levels.

You collected 116 gold pieces.

Inventory:

Hand Weapons
 n - a +0 spear (weapon)
Missiles
 k - 18 poisoned darts (quivered)
Armour
 b - a +0 shield
 d - a +0 buckler
 e - a +0 ring mail (melded)
 l - a +0 pair of gloves (melded)
Jewellery
 h - an amulet of regeneration (around neck)
Scrolls
 g - a scroll of amnesia
 j - a scroll of remove curse
 o - a scroll of enchant weapon {unknown}
Comestibles
 c - 4 rations
 f - 7 chunks of flesh


   Skills:
 - Level 3.6 Dodging
 - Level 2.0 Stealth
 + Level 0.7 Shields
 + Level 3.3 Spellcasting
 + Level 4.0 Conjurations
 + Level 5.6 Air Magic


You had 8 spell levels left.
You knew the following spells:

 Your Spells              Type           Power        Failure   Level  Hunger
a - Shock                 Conj/Air       ###.         2%          1    None
b - Swiftness             Chrm/Air       ##......     9%          2    ##.....

Your spell library contained the following spells:

 Spells                   Type           Power        Failure   Level  Hunger
 Static Discharge         Conj/Air       ###.....     7%          3    ###....
 Airstrike                Air            ###.......   17%         4    ####...
 Lightning Bolt           Conj/Air       ###.......   54%         5    ######.


Dungeon Overview and Level Annotations

Branches:
Dungeon (3/15)

Altars:
Ashenzari
Fedhas
Qazlal
Ru
Sif Muna

Annotations:
D:2 Sigmund


Innate Abilities, Weirdness & Mutations

((You have a beak for a mouth.))
((You have claws for feet.))
You can fly continuously.


Message History

Confirm with . or Enter, or press ? or * to list all spells.
Aiming: Shock (safe; 2% risk of failure)
Press: ? - help, Shift-Dir - straight line The zap misses the hornet.
You feel sick.
The hornet stings you but does no damage.
Casting: Shock (safe; 2% risk of failure)
Confirm with . or Enter, or press ? or * to list all spells.
Aiming: Shock (safe; 2% risk of failure)
Press: ? - help, Shift-Dir - straight line The zap hits the hornet but does no damage.
The hornet is severely wounded.
You feel sick.
The hornet stings you but does no damage.
The hornet barely misses you.
Casting: Shock (safe; 2% risk of failure)
Confirm with . or Enter, or press ? or * to list all spells.
Aiming: Shock (safe; 2% risk of failure)
Press: ? - help, Shift-Dir - straight line The zap misses the hornet.
You feel sick. The hornet stings you!
You die...

#...# #......# ####
#...# #......# #..[
#...# #......# #÷##
#...# #......# #)#
#...###......####)##
#.........>......)..
###.###.........)...
#.# #......####'##
#♣# #.............
#y# #######.......
##)# #....... #.(#
#....... #.##
#....... #..
#....... #...
#....... #..#.
#....... #...#.


You could see a hornet.

Vanquished Creatures
  4 orc priests (D:3)
  An orc wizard (D:3)
  An iguana (D:3)
  2 adders (D:3)
  A dart slug (D:1)
  11 orcs (D:3)
  3 giant cockroaches
  2 goblins
  10 hobgoblins
  A kobold (D:1)
  2 quokkas
  8 bats
  5 frilled lizards
  9 rats
60 creatures vanquished.

Notes
Turn   | Place    | Note
-------+----------+-------------------------------------------
     0 | D:1      | Mesmaeker13 the Tengu Air Elementalist began the quest for
                  | the Orb.
     0 | D:1      | Reached XP level 1. HP: 10/10 MP: 4/4
   318 | D:1      | Reached XP level 2. HP: 15/15 MP: 3/6
  1205 | D:2      | Reached XP level 3. HP: 19/19 MP: 3/7
  1255 | D:2      | Found a sacrificial altar of Ru.
  1497 | D:2      | Found a shimmering blue altar of Sif Muna.
  1564 | D:2      | Became a worshipper of Sif Muna the Loreminder
  1604 | D:2      | Noticed Sigmund
  1898 | D:3      | Learned a level 2 spell: Swiftness
  1919 | D:3      | Reached XP level 4. HP: 22/24 MP: 1/8
  2405 | D:3      | Found a stormy altar of Qazlal.
  2405 | D:3      | Found a shattered altar of Ashenzari.
  2406 | D:3      | Found a blossoming altar of Fedhas.
  2574 | D:3      | Reached skill level 5 in Air Magic
  2574 | D:3      | Gained mutation: You can fly continuously. [Tengu growth]
  2574 | D:3      | Reached XP level 5. HP: 28/28 MP: 1/10
  2738 | D:3      | Reached * piety under Sif Muna
  2933 | D:3      | Reached XP level 6. HP: 32/32 MP: 4/11
  2997 | D:3      | Noticed a hornet
  3011 | D:3      | Slain by a hornet

Levels and vault maps discovered:
D:1:      dpeg_arrival_round_c, layout_rooms
D:2:      layout_loops_ring, overflow_temple_1_default, lemuel_blue_sif_altar,
          makhleb_grotto_becter, serial_glass, glass_columns_c, glass_columns_c,
          first_ration, uniq_sigmund
D:3:      layout_basic, gammafunk_temple_overflow_claw, minmay_misc_feat_rugged

Skill      XL: |  1  2  3  4  5  6 |
---------------+-------------------+-----
Conjurations   | 2 3 4 |  4.0
Dodging        | 3 |  3.6
Air Magic      | 5 |  5.6
Spellcasting   | 3 |  3.3
Stealth        | |  2.0
Shields        | |  0.7

Action                   |  1- 3 |  4- 6 || total
-------------------------+-------+-------++-------
Melee: Short sword       |     9 |       ||     9
       Peck              |     1 |     3 ||     4
       Kick              |     1 |     2 ||     3
       Spear             |     6 |    39 ||    45
Throw: Dart              |       |    10 ||    10
 Cast: Shock             |    50 |    73 ||   123
  Use: Scroll            |     5 |       ||     5
       Potion            |       |     4 ||     4
 Stab: Sleeping          |     2 |       ||     2
  Eat: Chunk             |     4 |     1 ||     5
       Ration            |       |     1 ||     1
Armor: Robe              |     4 |    13 ||    17
       Skin              |       |    30 ||    30
       Ring mail         |       |     2 ||     2
Dodge: Dodged            |    15 |    43 ||    58
